 Dungeon Crawl Stone Soup version 0.19-a0-14-gde87d98 (webtiles) character file.

656 ololoev the Chopper (level 7, -3/61 HPs)
             Began as a Hill Orc Fighter on Apr 29, 2016.
             Was a Follower of the Shining One.
             Slain by an orc
             ... wielding a +0 trident
              (6 damage)
             ... on level 4 of the Dungeon.
             The game lasted 00:14:51 (3148 turns).

ololoev the Chopper (Hill Orc Fighter)              Turns: 3148, Time: 00:14:52

Health: -3/61      AC:  8    Str: 26    XL:     7   Next: 55%
Magic:  9/9        EV: 10    Int:  8    God:    the Shining One [*.....]
Gold:   211        SH:  0    Dex: 10    Spells: 0 memorised, 6 levels left

rFire  . . .     SeeInvis .     a - +0 war axe
rCold  . . .     Gourm    .     b - +0 scale mail
rNeg   . . .     Faith    .     (no shield)
rPois  .         Spirit   .     k - +0 helmet
rElec  .         Dismiss  .     (no cloak)
rCorr  .         Reflect  .     (no gloves)
SustAt .         Harm     .     (no boots)
MR     .....                    (no amulet)
Stlth  ..........               (no ring)
                                (no ring)

@: mighty, glowing, not resistant to hostile enchantments, extremely unstealthy
A: no striking features
a: Renounce Religion, Convert to Beogh

Inventory:

Hand Weapons
 a - a +0 war axe (weapon)
Armour
 b - a +0 scale mail (worn)
 k - a +0 helmet (worn)
Scrolls
 e - 2 scrolls of fear {unknown}
 g - 9 scrolls of identify {unknown}
 h - 3 scrolls of fog {unknown}
 i - 5 scrolls of magic mapping {unknown}
 m - a scroll of remove curse {unknown}
 p - a scroll of recharging {unknown}
 q - a scroll of immolation {unknown}
 t - 2 scrolls of amnesia {unknown}
 u - 2 scrolls of teleportation {unknown}
 w - 3 scrolls of blinking {unknown}
Potions
 c - a potion of agility {unknown}
 j - a potion of lignification {unknown}
 l - 6 potions of curing
 n - 3 potions of might
 o - 3 potions of heal wounds {unknown}
 v - a potion of haste {unknown}
 x - 2 potions of magic {unknown}
Comestibles
 d - 3 meat rations
 f - 3 bread rations
 r - a royal jelly
 s - a slice of pizza


   Skills:
 + Level 5.4 Fighting
 * Level 7.4 Axes
 + Level 5.1 Armour
   Level 3.2 Shields
 + Level 3.9 Invocations


You had 6 spell levels left.
You didn't know any spells.


You were on level 4 of the Dungeon.
You worshipped the Shining One.
The Shining One was aware of your devotion.
You were not hungry.

You visited 1 branch of the dungeon, and saw 4 of its levels.
You also visited: Sewer.

You collected 211 gold pieces.

...<).%........>....... #
....#.#.........##...# .#
.#............###...###.##
##..............÷.........
............###.........#
####.##########..o....##
..##÷.≈≈.≈≈##..o....#
..###.#######≈##o)...## #
#.#≈.≈≈##≈##@....##
#≈#≈###.#.#.......###
#≈#≈#.≈##≈#....§§.≈≈#
#≈#÷#####≈#....§#'#≈#
#≈##≈≈≈≈≈##....§#_#§#
#≈########..#..≈###
##≈≈≈≈≈≈.≈#####≈≈§≈
########## #####

Notes
Turn   | Place    | Note
--------------------------------------------------------------
     0 | D:1      | ololoev the Hill Orc Fighter began the quest for the Orb.
     0 | D:1      | Reached XP level 1. HP: 19/19 MP: 1/1
    53 | D:1      | Reached skill level 3 in Axes
    82 | D:1      | Reached XP level 2. HP: 25/27 MP: 2/2
   378 | D:2      | Reached XP level 3. HP: 14/33 MP: 3/3
   396 | D:2      | Reached skill level 4 in Axes
   411 | D:1      | HP: 1/33 [poisoned by an adder]
  1072 | D:2      | Reached XP level 4. HP: 40/40 MP: 4/4
  1457 | D:3      | Found an oddly glowing altar of Pakellas.
  1459 | D:3      | Found a glowing golden altar of the Shining One.
  1459 | D:3      | Found an opulent altar of Gozag.
  1473 | D:3      | Became a worshipper of the Shining One
  1748 | D:3      | Found a faded altar to an unknown god.
  2059 | D:4      | Noticed Natasha
  2063 | D:4      | Killed Natasha
  2063 | D:4      | Reached skill level 5 in Axes
  2063 | D:4      | Reached XP level 5. HP: 47/47 MP: 5/5
  2065 | D:4      | Reached skill level 1 in Invocations
  2218 | D:4      | Found a white marble altar of Elyvilon.
  2260 | D:4      | Reached XP level 6. HP: 46/53 MP: 7/7
  2298 | D:4      | Found a glowing drain.
  2302 | Sewer    | Entered a sewer
  2420 | Sewer    | Reached * piety under the Shining One
  2428 | Sewer    | Reached skill level 6 in Axes
  2522 | Sewer    | Reached skill level 5 in Fighting
  2913 | Sewer    | Reached XP level 7. HP: 32/61 MP: 9/9
  2944 | Sewer    | Reached skill level 7 in Axes
  3146 | D:4      | Reached skill level 5 in Armour
  3148 | D:4      | HP: 3/61 [orc priest/divine providence (14)]
  3148 | D:4      | Slain by an orc

Dungeon Overview and Level Annotations

Branches:
Dungeon (4/15)
 Temple: D:4-7

Altars:
Elyvilon
Gozag
Pakellas
The Shining One


Message History

You enter the shallow water.
Moving in this stuff is going to be slow.
You enter the shallow water.
Moving in this stuff is going to be slow.
You enter the shallow water.
Moving in this stuff is going to be slow.
You see here a giant gecko skeleton.
You enter the shallow water.
Moving in this stuff is going to be slow.
You enter the shallow water.
Moving in this stuff is going to be slow.
An ogre comes into view. It is wielding a giant spiked club.
An ogre is nearby!
An ogre is nearby!
An ogre is nearby!
A worker ant comes into view.
The worker ant twitches its antennae in your direction.
An orc comes into view. It is wielding a short sword.
The orc shouts!
An orc and an orc wizard come into view.
The orc wizard shouts!
The orc shouts!
The ogre closely misses you.
You hit the ogre.
The ogre is lightly wounded.
The ogre completely misses you.
The worker ant bites you but does no damage.
An orc comes into view. It is wielding a mace.
The orc shouts!
You slash the ogre!
The ogre is heavily wounded.
You hit the worker ant.
The worker ant is moderately wounded.
The worker ant bites you but does no damage.
An orc priest comes into view.
You barely miss the ogre.
The ogre is heavily wounded.
The orc priest shouts!
You hit the worker ant.
The worker ant is moderately wounded.
The ogre closely misses you. The worker ant bites you.
You are poisoned.
The worker ant poisons you!
You hit the ogre.
The ogre is severely wounded.
You slash the worker ant!
You kill the worker ant!
You feel sick.
The ogre hits you with a giant spiked club!!
The orc priest calls down the wrath of Beogh upon you.
Beogh smites you!
The orc hits you from afar with a trident.
You are too injured to fight recklessly!
Unknown command.
You are too injured to fight recklessly!
Unknown command.
You are too injured to fight recklessly!
Unknown command.
You are too injured to fight recklessly!
Drink which item? (? for menu, Esc to quit)
You feel very mighty all of a sudden. The orc hits you but does no damage.
The ogre barely misses you.
The orc hits you from afar with a trident.
The orc priest shouts, "Beogh is our master!
Accept the truth or die!"
You slice the ogre!!
You kill the ogre!
Your Armour skill increases to level 5!
You slash the orc!
You kill the orc!
You feel sick.
The orc hits you from afar with a trident!
You slice the orc wizard!!
You kill the orc wizard!
The orc hits you from afar with a trident.
Unknown command.
Drink which item? (? for menu, Esc to quit)
It was a potion of curing.
You feel better. The orc misses you.
The orc priest invokes the aid of Beogh against you.
Beogh smites you!
The orc hits you from afar with a trident.
You die...

You could see an orc priest and 2 orcs.

Vanquished Creatures
  An ogre (D:4)
  2 giant frogs (Sewer)
  A howler monkey (D:4)
  An orc priest (D:4)
  An orc wizard (D:4)
  A worker ant (D:4)
  Natasha (D:4)
  12 adders
  5 river rats (Sewer)
  3 oozes (Sewer)
  5 worms
  2 dart slugs
  4 giant geckos
  8 orcs
  6 giant cockroaches
  2 goblins (D:1)
  4 hobgoblins
  3 jackals (D:4)
  A quokka (D:3)
  9 ball pythons (Sewer)
  10 bats
  6 giant newts
  7 kobolds
  28 rats
123 creatures vanquished.

Action                   |  1- 3 |  4- 6 |  7- 9 || total
-------------------------+-------+-------+-------++-------
Melee: War axe           |    80 |   227 |     9 ||   316
  Use: Potion            |     1 |       |     2 ||     3
  Eat: Chunk             |       |     7 |     1 ||     8
Armor: Scale mail        |    50 |   143 |     5 ||   198
Dodge: Dodged            |    45 |   148 |     5 ||   198

Vault maps used:
D:1:      roderic_crossed_star
D:2:      first_bread, minmay_misc_feat_nine_boxes, kennysheep_generic_room_3
D:3:      grunt_temple_overflow_open, ecumenical_altar_2
D:4:      kennysheep_mini_moat, lemuel_doored_altar, gup_sewer_entry_spiral,
          grunt_ministairs_11, uniq_natasha
Sewer:    sewer_minmay_w
